AoeStats
← Manolator

Arabia

509690052Analyzed
3v3 RM · 6d ago on Sep 27, 2026· 39m 23s· 6 players
Game mode
Random Map
Map size
Normal (6 player)
Population
200
Speed
Normal
Resources
Standard
Victory
Conquest
Starting age
Dark Age
Ending age
Imperial Age
RankedLock teamsTeams togetherTeam positionsShared explorationLock speedFull tech treeHidden civsTurbo modeCheats
Victory
Defeat
🇪🇸 Huns · Spain
871
+16
871
+16
🇪🇸 Ethiopians · Spain
871
+16
🇺🇦 Varangians · Ukraine
907
-17
🇹🇼 Teutons · Taiwan
884
-17
🇹🇼 Huns · Taiwan
822
-14
Bananas
7:48 Loom
10:23 Feudal Age
14:13 Horse Collar
21:32 Castle Age
19:21 Double-Bit Axe
19:28 Gold Mining
19:29 Stone Mining
21:13 Wheelbarrow
20:30 Arson
22:21 Forging
21:56 Pikeman
22:37 Squires
23:19 Scale Mail Armor
24:57 Gambesons
25:37 Fletching
25:48 Padded Archer Armor
26:37 Hand Cart
27:00 Iron Casting
27:22 Crossbowman
30:42 Town Watch
32:24 Chain Mail Armor
32:25 Leather Archer Armor
34:59 Imperial Age
32:31 Town Patrol
32:27 Elite Skirmisher
33:29 Fervor
36:50 Halberdier
39:02 Conscription
Alogib
11:32 Feudal Age
12:08 Double-Bit Axe
13:17 Loom
14:33 Bloodlines
16:13 Forging
23:52 Castle Age
22:01 Gold Mining
22:48 Scale Barding Armor
26:31 Horse Collar
28:10 Husbandry
28:59 Heavy Plow
31:21 Bow Saw
32:28 Wheelbarrow
32:41 Iron Casting
35:01 Town Watch
37:07 Scale Mail Armor
DA
14:11 Feudal Age
14:37 Double-Bit Axe
14:34 Horse Collar
14:47 Gold Mining
14:59 Man-at-Arms
16:27 Arson
21:38 Scale Mail Armor
28:49 Wheelbarrow
29:55 Town Watch
Manolator
0:29 Loom
10:09 Feudal Age
10:53 Double-Bit Axe
11:47 Wheelbarrow
15:33 Forging
15:46 Horse Collar
16:50 Scale Barding Armor
17:54 Bloodlines
21:25 Stone Mining
21:27 Gold Mining
24:19 Castle Age
24:19 Fletching
24:29 Padded Archer Armor
25:15 Hand Cart
25:38 Husbandry
26:16 Iron Casting
26:02 Chain Barding Armor
25:04 Light Cavalry
26:00 Bow Saw
26:05 Heavy Plow
28:57 Bodkin Arrow
29:17 Leather Archer Armor
32:05 Gold Shaft Mining
34:01 Thumb Ring
37:25 Ballistics
37:17 Masonry
37:02 Murder Holes
37:38 Town Watch
42:25 Imperial Age
ToroBravoPocoPeloMuchoRabo
5:44 Loom
10:14 Feudal Age
11:04 Double-Bit Axe
11:08 Town Watch
12:11 Wheelbarrow
20:20 Castle Age
21:53 Hand Cart
21:22 Horse Collar
22:20 Bow Saw
27:13 Town Patrol
30:32 Husbandry
30:43 Bloodlines
34:13 Scale Barding Armor
34:41 Forging
39:41 Imperial Age
38:13 Chain Barding Armor
38:47 Heavy Plow
General Guanche
7:56 Loom
14:11 Feudal Age
14:39 Double-Bit Axe
15:31 Wheelbarrow
14:52 Gold Mining
21:43 Forging
27:33 Castle Age
28:06 Stone Mining
32:47 Stone Shaft Mining
35:43 Fletching
Connection lost

Rejoining the realm…

Still unreachable

The connection could not be restored.

Session expired

The server has moved on; the page needs a fresh start.